 Dungeon Crawl Stone Soup version 0.25-a0-734-g73332aeda9 (webtiles) character file.

Game seed: 2618030862430343999, levelgen mode: deterministic

98 vurker the Gusty (level 4, 19/19 HPs)
             Began as a Felid Air Elementalist on Apr 10, 2020.
             Quit the game on level 4 of the Dungeon.
             The game lasted 00:05:03 (4260 turns).

vurker the Gusty (Felid Air Elementalist)           Turns: 4260, Time: 00:05:04

Health: 19/19      AC:  1    Str:  4    XL:     4   Next: 43%
Magic:  10/10      EV: 18    Int: 18    God:
Gold:   157        SH:  0    Dex: 16    Spells: 0/10 levels left
                                        Lives:  0   Deaths: 1

rFire    . . .     SeeInvis +   (weapon unavailable)
rCold    . . .     Gourm    .   (shield unavailable)
rNeg     . . .     Faith    .   (armour unavailable)
rPois    .         Spirit   .   (helmet unavailable)
rElec    .         Reflect  .   (cloak unavailable)
rCorr    .         Harm     .   (gloves unavailable)
MR       .....                  (boots unavailable)
Stlth    +++.......             (no amulet)
HPRegen  0.06/turn              (no ring)
MPRegen  0.12/turn              (no ring)

@: quick
A: very small, no armour, no weapons or thrown items, stealth, claws 1, fangs 3,
see invisible, carnivore, speed 1, shaggy fur 1, slow metabolism 1, sharp paws
a: no special abilities


You were on level 4 of the Dungeon.
You were not hungry.

You visited 1 branch of the dungeon, and saw 4 of its levels.

You collected 157 gold pieces.

Inventory:

Jewellery
 f - an uncursed ring of ice
   (You found it on level 2 of the Dungeon)
Wands
 q - a wand of polymorph (9)
   (You found it on level 3 of the Dungeon)
Scrolls
 a - 5 scrolls of remove curse {unknown}
 c - 2 scrolls of teleportation {unknown}
 i - 7 scrolls of identify {unknown}
 k - a scroll of magic mapping {unknown}
 l - a scroll of blinking {unknown}
 p - a scroll of amnesia {unknown}
 r - a scroll of fear {unknown}
Potions
 b - a potion of stabbing {unknown}
 d - a potion of berserk rage {unknown}
 g - 2 potions of curing {unknown}
 h - a potion of mutation {unknown}
 j - a potion of flight {unknown}
 m - a potion of might {unknown}
 n - a potion of degeneration {unknown}
Comestibles
 e - 8 rations
 o - 2 chunks of flesh


   Skills:
 + Level 2.1 Fighting
 - Level 2.6 Dodging
 - Level 2.6 Stealth
 * Level 3.6 Spellcasting
 - Level 0.8 Conjurations
 * Level 4.1 Air Magic


You couldn't memorise any spells.
You knew the following spells:

 Your Spells              Type           Power        Failure   Level  Hunger
a - Shock                 Conj/Air       ##..         5%          1    None
b - Lightning Bolt        Conj/Air       ##........   83%         5    ######.
c - Airstrike             Air            ###.......   28%         4    ####...

Your spell library contained the following spells:

 Spells                   Type           Power        Failure   Level  Hunger
 Swiftness                Chrm/Air       ##......     10%         2    ##.....
 Static Discharge         Conj/Air       ##......     16%         3    ###....


Dungeon Overview and Level Annotations

Branches:
Dungeon (4/15)
 Temple: D:4-7

Altars:
Fedhas
Ru
Trog


Innate Abilities, Weirdness & Mutations

You cannot wear armour.
You are incapable of wielding weapons or throwing items.
Your paws allow you to move quietly. (Stealth)
You have sharp claws.
You have razor-sharp teeth.
You have supernaturally acute eyesight. (SInv)
You are carnivorous and can eat meat at any time.
You cover ground quickly.
You are covered in fur. (AC +1)
You have a slow metabolism.
Your sharp claws are effective at attacking unaware monsters.


Message History

Some of the chunks of flesh in your inventory have rotted away.
You miscast Shock.
You are very lightly contaminated with residual magic.
There is a short, sharp shower of sparks.
The zap hits the worm.
You hear the brisk rusting of a drain.
The zap hits the worm.
The zap hits the worm.
You don't have enough magic to cast that spell.
Your unstable footing causes you to fumble your attack.
Your unstable footing causes you to fumble your attack.
The worm bites you!
* * * LOW HITPOINT WARNING * * *
Aim: a worm (moderately wounded)
The zap misses the worm.
You don't have enough magic to cast that spell.
You see here a rat skeleton.
You see here an adder skeleton.
Your magical contamination has completely faded away.
You see here an adder skeleton.
You enter the shallow water.
Moving in this stuff is going to be slow.
You hear the quick rusting of a drain nearby.
A worm comes into view.
An adder and a rat come into view.
The adder hisses angrily.
A rat comes into view.
The adder barely misses you. The adder completely misses you.
The worm misses you. The adder bites you.
* * * LOW HITPOINT WARNING * * *
The adder barely misses you. The worm misses you. The adder misses you.
The adder closely misses you.
Aim: an adder The zap misses the adder.
The zap hits the worm.
The adder bites you.
* * * LOW HITPOINT WARNING * * *
Aim: an adder You miscast Shock.
You are very lightly contaminated with residual magic.
Your skin tingles.
The adder barely misses you.
Aim: an adder The zap hits the adder.
The zap hits the worm.
The adder barely misses you. The adder bites you.
* * * LOW HITPOINT WARNING * * *
Aim: an adder (moderately wounded)
The zap misses the adder.
The zap hits the worm.
The adder bites you.
You die...
You are now level 4!
You rejoin the land of the living...
Unknown command.

##+## #.........#
##...###.#######.#
##.....##.# ####.# #
##.......#.# ##.##.#
###........รท.###.....#
..'............).....#
###..........###...#.#
# ##.......#.........#
# ##.....######@##### #
##...#######.# # #.....
..##.# # #..### #.##.#
# #..#####.##.# ##
#..##.......# .#
##...#.##.#### .#
#......##.#
.#####...#.##.#


There were no monsters in sight!

Vanquished Creatures
  A howler monkey (D:3)
  6 adders
  A river rat (D:4)
  An ooze (D:2)
  3 worms
  4 leopard geckos
  2 orcs (D:3)
  4 ball pythons
  6 bats
  5 giant cockroaches
  8 goblins
  5 hobgoblins
  3 jackals (D:3)
  3 quokkas
  7 frilled lizards
  7 kobolds
  8 rats
74 creatures vanquished.

Notes
Turn   | Place    | Note
-------+----------+-------------------------------------------
     0 | D:1      | vurker the Felid Air Elementalist began the quest for the
                  | Orb.
     0 | D:1      | Reached XP level 1. HP: 7/7 MP: 4/4
   278 | D:1      | Reached XP level 2. HP: 12/12 MP: 3/6
   410 | D:1      | Reached skill level 3 in Air Magic
  1157 | D:2      | Found a sacrificial altar of Ru.
  1320 | D:2      | Reached skill level 1 in Fighting
  1374 | D:2      | Reached XP level 3. HP: 15/15 MP: 4/7
  2560 | D:3      | Reached XP level 4. HP: 6/19 MP: 0/9
  2851 | D:3      | Found a blossoming altar of Fedhas.
  3415 | D:3      | Found a bloodstained altar of Trog.
  3702 | D:3      | Reached XP level 5. HP: 19/22 MP: 5/11
  3757 | D:3      | Learned a level 5 spell: Lightning Bolt
  3762 | D:3      | Learned a level 4 spell: Airstrike
  4059 | D:4      | Reached skill level 4 in Air Magic
  4258 | D:4      | HP: 1/22 [adder (1)]
  4259 | D:4      | Slain by an adder
  4260 | D:4      | Reached XP level 4. HP: -3/19 MP: 3/10
  4260 | D:4      | Quit the game

Levels and vault maps discovered:
D:1:      dpeg_arrival_long_road, layout_basic
D:2:      wad_crossroads, layout_loops_ring, lemuel_statue_altar
D:3:      layout_loops_ring, marbit_many_paths, grunt_ministairs_9,
          trog_butcher_becter
D:4:      layout_loops_corners, led_xom_imps, grunt_temple_overflow_open,
          lightli_sewer_entry_pipes, uniq_sigmund

Skill      XL: |  1  2  3  4  5 |
---------------+----------------+-----
Air Magic      | 3 4 |  4.1
Fighting       | 1 2 |  2.1
Spellcasting   | 3 |  3.6
Dodging        | |  2.6
Stealth        | |  2.6
Conjurations   | |  0.8

Action                   |  1- 3 |  4- 6 || total
-------------------------+-------+-------++-------
Melee: Unarmed           |     8 |    16 ||    24
 Cast: Shock             |   113 |    81 ||   194
 Stab: Sleeping          |       |     1 ||     1
  Eat: Chunk             |    11 |     3 ||    14
Armor: Skin              |     1 |     3 ||     4
Dodge: Dodged            |    25 |    53 ||    78

Table legend:
 A = Non-vault XP
 B = Vault XP
 C = Vault XP percentage of total XP
 D = Non-vault monster count
 E = Vault monster count
 F = Vault count percentage of total count
                 A         B        C        D         E       F
            +---------+---------+-------+---------+---------+-------
      Total |     188 |      89 |  32.1 |      57 |      17 |  23.0
            +---------+---------+-------+---------+---------+-------
        D:1 |      21 |       0 |   0.0 |      14 |       0 |   0.0
        D:2 |      43 |      14 |  24.6 |      23 |       4 |  14.8
        D:3 |     108 |      16 |  12.9 |      18 |       7 |  28.0
        D:4 |      16 |      59 |  78.7 |       2 |       6 |  75.0
            +---------+---------+-------+---------+---------+-------
